 Dungeon Crawl Stone Soup version 0.18-a0-1784-ga939a68 (webtiles) character file.

264 Yawgmoth the Magician (level 6, -2/41 HPs)
             Began as an Octopode Transmuter on Apr 17, 2016.
             Was an Initiate of Ashenzari.
             Slain by Grinder (5 damage)
             ... on level 5 of the Dungeon on Apr 18, 2016.
             The game lasted 00:44:48 (5424 turns).

Yawgmoth the Magician (Octopode Transmuter)         Turns: 5424, Time: 00:44:48

Health: -2/41      AC:  1    Str:  9    XL:     6   Next: 19%
Magic:  3/11       EV: 13    Int: 17    God:    Ashenzari [......]
Gold:   244        SH:  0    Dex: 13    Spells: 4 memorised, 1 level left

rFire  + . .     SeeInvis .       - Unarmed
rCold  . . .     Gourm    .     (no shield)
rNeg   . . .     Faith    .     (helmet restricted)
rPois  .         Spirit   .     (no amulet)
rElec  .         Dismiss  .     m - ring of protection from magic (curse) {MR+, !d}
rCorr  .         Reflect  .     v - ring of protection from fire (curse) {rF+, !d}
SustAt .         Harm     .     (no ring)
MR     +....                    (no ring)
Stlth  +++.......               (no ring)
                                (no ring)
                                (no ring)
                                (no ring)

@: drained, somewhat resistant to hostile enchantments, fairly stealthy
A: almost no armour, amphibious, 8 rings, constrict 8, camouflage 1, gelatinous
body 1
a: Curse Item, Renounce Religion


You were on level 5 of the Dungeon.
You worshipped Ashenzari.
Ashenzari was noncommittal.
You were not hungry.

You visited 1 branch of the dungeon, and saw 5 of its levels.

You collected 244 gold pieces.

Inventory:

Hand Weapons
 h - a +1 falchion of draining
   (You took it off an orc on level 4 of the Dungeon)
Missiles
 a - 26 arrows
Jewellery
 m - a cursed ring of protection from magic (left tentacle) {MR+, !d}
   (You found it on level 2 of the Dungeon)
 v - a cursed ring of protection from fire (right tentacle) {rF+, !d}
   (You took it off a goblin on level 3 of the Dungeon)
Wands
 u - a wand of enslavement (18/24)
   (You found it on level 4 of the Dungeon)
Scrolls
 i - a scroll of random uselessness
 l - 4 scrolls of remove curse
 o - 2 scrolls of identify
 q - a scroll of recharging
 w - a scroll of immolation {unknown}
Potions
 d - 6 potions of curing
 e - 2 potions of haste {unknown}
 f - a potion of magic {unknown}
 g - a potion of degeneration {unknown}
 j - a potion of brilliance {unknown}
 k - 3 potions of might {unknown}
 r - 2 potions of heal wounds {unknown}
 x - a potion of agility {unknown}
Books
 b - a book of Changes
Comestibles
 c - 2 bread rations {@e1}
 n - 3 chunks of flesh {@w0}


   Skills:
 + Level 2.4(2.2) Fighting
 - Level 3.0(2.9) Dodging
 + Level 2.0(1.9) Stealth
 - Level 3.4(3.3) Unarmed Combat
 + Level 3.5(3.4) Spellcasting
 + Level 3.3(3.2) Transmutations


You had one spell level left.
You knew the following spells:

 Your Spells              Type           Power        Failure   Level  Hunger
a - Beastly Appendage     Trmt           ##....       4%          1    None
c - Spider Form           Trmt/Pois      #.........   30%         3    ###....
s - Sticks to Snakes      Trmt           ##......     10%         2    ##.....
x - Blade Hands           Trmt           ##........   95%         5    ######.


Dungeon Overview and Level Annotations

Branches:
Dungeon (5/15)
 Temple: D:4-7

Altars:
Ashenzari
Pakellas
Zin
The Shining One

Annotations:
D:4 Menkaure
D:5 Eustachio; Grinder; Jano's ghost, novice VSBe


Innate Abilities, Weirdness & Mutations

You cannot wear most types of armour.
You are amphibious.
You can wear up to eight rings at the same time.
You can use your tentacles to constrict eight enemies at once.
Your skin changes colour to match your surroundings (Stealth).
Your rubbery body absorbs attacks (AC +1).


Message History

You start resting.
Health restored: 41
Things that are here:
an uncursed chain mail of cold resistance an orc skeleton Read which item? (? for menu, Esc to quit)
Okay, then.
Unknown command.
Okay, then.
Read which item? (? for menu, Esc to quit)
Charge which item? (? for menu, Esc to quit)
As you read the scroll of recharging, it crumbles to dust.
Your wand of enslavement (1/24) glows for a moment and now has 18 charges.
A giant newt comes into view.
The helpless giant newt fails to defend itself.
You bludgeon the giant newt!
You kill the giant newt!
You now have 244 gold pieces (gained 17).
Memorise Spider Form, consuming 3 spell levels and leaving 6?
You start memorising the spell.
You continue memorising. x3
You finish memorising.
Spell assigned to 'c'.
This spell is very dangerous to cast!
Memorise Blade Hands, consuming 5 spell levels and leaving 1?
You start memorising the spell.
You continue memorising. x5
You finish memorising.
Spell assigned to 'x'.
Casting: Sticks to Snakes
Okay, then.
Casting: Sticks to Snakes You turn into a venomous arachnid creature.
You now have 8/11 mp.
You don't know that spell.
You create a snake!
You now have 28 arrows.
Your transformation is almost over.
You now have 6/11 mp.
Casting: Sticks to Snakes You create a snake!
You now have 27 arrows.
You now have 4/11 mp.
Casting: Sticks to Snakes You create a snake!
You now have 26 arrows.
You now have 2/11 mp.
What do you say? t - Hiss!
Orders for allies: a - Attack new target. r - Retreat! s - Stop attacking. w - Wait here. f - Follow me.
Anything else - Stay silent.
Gang up on whom?
Aim: Grinder Attack!
You swap places.
Your ball python bites Grinder but does no damage.
Your ball python grabs Grinder.
Your ball python constricts Grinder.
Grinder gestures at you.
Your ball python convulses in agony!
Your ball python dies!
Jano's ghost hits your ball python!
Your ball python dies!
Grinder blinks!
Your transformation has ended.
Grinder barely misses you.
You tentacle-slap Grinder but do no damage.
You grab Grinder. You constrict Grinder. Grinder hits you.
You writhe in agony.
You take 6 damage, and have 35/41 hp.
You swap places.
You release your grip on Grinder.
Your ball python barely misses Grinder.
Your ball python closely misses Grinder.
Jano's ghost misses your ball python. Grinder hits you!
You writhe in agony.
You take 13 damage, and have 22/41 hp.
MASSIVE DAMAGE!!
Your ball python bites something but does no damage.
Your ball python barely misses something.
Jano's ghost hits your ball python.
Your ball python dies!
Read which item? (? for menu, Esc to quit)
As you read the scroll of fear, it crumbles to dust.
You assume a fearsome visage.
Grinder is unaffected.
Jano's ghost is unaffected.
Read which item? (? for menu, Esc to quit)
Okay, then.
Unknown command.
Casting: Sticks to Snakes You turn into a venomous arachnid creature.
Grinder gestures at you. You resist with some effort.
You now have 0/11 mp.
Grinder blinks!
Your transformation is almost over.
Your transformation has ended.
Grinder blinks!
Jano's ghost yells, "Who would have thought, even in death it is a pleasure to sever!"
Grinder blinks!
Grinder barely misses you. Grinder hits you!
You writhe in agony.
* * * LOW HITPOINT WARNING * * *
You take 13 damage, and have 12/41 hp.
MASSIVE DAMAGE!!
Grinder hits you!
* * * LOW HITPOINT WARNING * * *
You writhe in agony.
You die...

#.# #.# #.#
#######.## ...
.........# #..
.######..# ...
.######..# ####
.........#
######.)# #[)#
.. #####@.# .#
##....5W# #.#
.....##..# ..
.###.##..# #.#
#.....# ..#
###.##.####.#
..........ยง..#
........###.##
##.#######..#


You could see Grinder and Jano's ghost.

Vanquished Creatures
  A centaur zombie (D:5)
  A hound (D:4)
  An orc priest (D:3)
  An orc wizard (D:4)
  4 adders
  An ooze (D:4)
  4 dart slugs
  A giant gecko (D:2)
  12 orcs
  2 ball pythons
  6 giant cockroaches
  6 goblins
  10 hobgoblins
  2 jackals (D:1)
  7 kobolds
  3 quokkas
  9 bats
  4 giant newts
  7 rats
82 creatures vanquished.

Vanquished Creatures (others)
  An ice dragon (D:3)
  A worm (D:4)
  2 orcs (D:4)
  A bush (D:3)
5 creatures vanquished.

Grand Total: 87 creatures vanquished

Notes
Turn   | Place    | Note
--------------------------------------------------------------
     0 | D:1      | Yawgmoth the Octopode Transmuter began the quest for the Orb.
     0 | D:1      | Reached XP level 1. HP: 13/13 MP: 3/3
   114 | D:1      | Reached XP level 2. HP: 17/18 MP: 5/5
   842 | D:2      | Found a shattered altar of Ashenzari.
   874 | D:2      | Reached XP level 3. HP: 11/23 MP: 6/6
   880 | D:2      | Became a worshipper of Ashenzari the Shackled
  1335 | D:2      | Found a glowing golden altar of the Shining One.
  1468 | D:2      | HP: 3/23 [quokka (4)]
  1854 | D:3      | Reached XP level 4. HP: 28/28 MP: 7/7
  1866 | D:3      | Learned a level 2 spell: Sticks to Snakes
  1967 | D:3      | Reached skill level 1 in Stealth
  1970 | D:3      | Upgraded the game from 0.18-a0-1782-gb76a692 to 0.18-a0-1784-ga939a68
  1980 | D:3      | HP: 3/28 [orc priest/divine providence (9)]
  2289 | D:3      | Found an oddly glowing altar of Pakellas.
  2292 | D:3      | Noticed an ice dragon
  2304 | D:3      | Killed an ice dragon
  2465 | D:3      | Reached skill level 2 in Stealth
  2705 | D:3      | Found a glowing silver altar of Zin.
  2716 | D:3      | Gold, Steel Gate
  2731 | D:3      | Reached skill level 2 in Fighting
  2779 | D:3      | Reached XP level 5. HP: 34/34 MP: 9/9
  2814 | D:3      | Reached skill level 3 in Dodging
  2824 | D:3      | Found a faded altar to an unknown god.
  3391 | D:4      | Noticed Menkaure
  3565 | D:4      | Noticed Grinder
  3774 | D:5      | Entered Level 5 of the Dungeon
  3800 | D:5      | Reached * piety under Ashenzari
  3830 | D:5      | Noticed Jano's ghost (novice VSBe)
  3845 | D:5      | Noticed an ice beast
  4077 | D:5      | Noticed Eustachio
  4463 | D:4      | Reached skill level 3 in Spellcasting
  4786 | D:4      | Reached skill level 3 in Transmutations
  4789 | D:4      | Reached XP level 6. HP: 16/41 MP: 9/11
  5370 | D:5      | Learned a level 3 spell: Spider Form
  5376 | D:5      | Learned a level 5 spell: Blade Hands
  5424 | D:5      | HP: 3/41 [Grinder (9)]
  5424 | D:5      | Slain by Grinder

Vault maps used:
D:1:      dpeg_arrival_shelter
D:2:      tso_altar, evilmike_ruin_ashenzari, first_bread, minmay_bisected
D:3:      zin_treasury, ecumenical_altar_2, mrwooster_statue_mirror,
          minmay_misc_feat_nine_boxes, gammafunk_pakellas_spire_experiment
D:4:      uniq_grinder, uniq_menkaure
D:5:      lemuel_round_altar, minmay_temple_entry_poolview, uniq_eustachio

Skill      XL: |  1  2  3  4  5 |
---------------+----------------+-----
Stealth        | 2 |  2.0
Fighting       | 2 |  2.4
Dodging        | 3 |  3.0
Spellcasting   | 3 |  3.5
Transmutations | 3 |  3.3
Unarmed Combat | |  3.4

Action                   |  1- 3 |  4- 6 || total
-------------------------+-------+-------++-------
Melee: Unarmed           |    96 |   104 ||   200
       Constrict         |    26 |    25 ||    51
       Tentacles         |    13 |    23 ||    36
       Punch             |     2 |     3 ||     5
       Falchion          |       |     3 ||     3
Throw: Stone             |     4 |       ||     4
 Cast: Sticks to Snakes  |       |     6 ||     6
       Spider Form       |       |     2 ||     2
Invok: Curse Item        |     1 |     1 ||     2
Evoke: Wand              |       |     9 ||     9
  Use: Scroll            |       |     9 ||     9
       Potion            |       |     1 ||     1
 Stab: Sleeping          |     6 |     4 ||    10
  Eat: Chunk             |     2 |     5 ||     7
       Fruit             |     1 |     2 ||     3
       Beef jerky        |       |     2 ||     2
       Bread ration      |       |     1 ||     1
Armor: Skin              |     9 |     6 ||    15
Dodge: Dodged            |    56 |    74 ||   130

Vault maps used:
D:1:      dpeg_arrival_shelter
D:2:      tso_altar, evilmike_ruin_ashenzari, first_bread, minmay_bisected
D:3:      zin_treasury, ecumenical_altar_2, mrwooster_statue_mirror,
          minmay_misc_feat_nine_boxes, gammafunk_pakellas_spire_experiment
D:4:      uniq_grinder, uniq_menkaure
D:5:      lemuel_round_altar, minmay_temple_entry_poolview, uniq_eustachio

Table legend:
 A = Turns spent in this place as a percentage of turns spent in the entire game.
 B = Non-inter-level travel turns spent in this place as a percentage of non-inter-level travel turns spent in the entire game.
 C = Inter-level travel turns spent in this place as a percentage of turns spent in this place.
 D = Turns resting spent in this place as a percentage of non-inter-level travel turns spent in this place.
 E = Turns spent auto-exploring this place as a percentage of non-inter-level travel turns spent in this place.
 F = Non-inter-level travel turns spent in this place divided by the number of levels of this place that you've seen.
                   A       B       C       D       E      F
               +-------+-------+-------+-------+-------+----------------------
         Total | 100.0 | 100.0 |   0.3 |   1.8 |   1.7 | 447.0
       Dungeon | 100.0 | 100.0 |   0.3 |   1.8 |   1.7 | 447.0
               +-------+-------+-------+-------+-------+----------------------

Table legend:
 A = Kills in this place as a percentage of kills in entire the game.
 B = Kills by you in this place as a percentage of kills by you in the entire game.
 C = Kills by friends in this place as a percentage of kills by friends in the entire game.
 D = Other kills in this place as a percentage of other kills in the entire game.
 E = Experience gained in this place as a percentage of experience gained in the entire game.
 F = Experience gained in this place divided by the number of levels of this place that you have seen.
                   A       B       C       D       E      F
               +-------+-------+-------+-------+-------+----------------------
         Total | 100.0 | 100.0 |  -nan |  -nan | 100.0 |  75.6
       Dungeon | 100.0 | 100.0 |  -nan |  -nan | 100.0 |  75.6
               +-------+-------+-------+-------+-------+----------------------
